 Dungeon Crawl Stone Soup version 0.31-a0-430-gf8416d752b (webtiles) character file.

Game seed: 1088141012322606230

58 Ethylacetat the Insei (level 3, -1/29 HPs)
             Began as a Demigod Shapeshifter on July 31, 2023.
             Killed from afar by a dart slug (4 damage)
             ... with a slug dart
             ... on level 3 of the Dungeon.
             The game lasted 00:01:44 (1272 turns).

Ethylacetat the Insei (Demigod Shapeshifter)        Turns: 1272, Time: 00:01:45

Health: -1/29      AC:  2    Str: 16    XL:     3   Next: 52%
Magic:  5/5        EV: 13    Int: 10    God:
Gold:   105        SH:  0    Dex: 18    Spells: 2/2 levels left

rFire   . .          .
                       - Unarmed
rCold   . . .        (no shield)
rNeg    . . .        a - +0 animal skin
rPois   .            (helmet currently unavailable)
rElec   .            (cloak currently unavailable)
rCorr   .            (gloves currently unavailable)
SInv    +            (boots currently unavailable)
Will    .....        (no amulet)
Stlth   ++           k - ring of see invisible
HPRegen 0.24/turn    (no ring)
MPRegen 0.09/turn

%: no passive effects
@: beast-form
A: beast (slay +2), high MP 1, forlorn, divine attributes
a: Begin Untransformation


You were on level 3 of the Dungeon.
You were a hulking beast.
You visited 1 branch of the dungeon, and saw 3 of its levels.

You collected 105 gold pieces.

Inventory:

Armour
 a - a +0 animal skin (worn)
Jewellery
 d - a ring of ice
 k - a ring of see invisible (left hand)
 n - an amulet of guardian spirit
Talismans
 c - a beast talisman (active)
Scrolls
 e - a scroll of enchant weapon {unknown}
 f - a scroll of brand weapon {unknown}
 g - a scroll of identify {unknown}
 i - a scroll of enchant armour {unknown}
 j - a scroll of revelation {unknown}
 m - a scroll of torment {unknown}
 o - a scroll of summoning {unknown}
 q - a scroll of teleportation {unknown}
 r - a scroll of poison {unknown}
Potions
 b - 2 potions of lignification
 h - a potion of brilliance {unknown}
 l - a potion of heal wounds {unknown}
 p - a potion of haste {unknown}


   Skills:
 + Level 1.8 Fighting
 + Level 2.3 Dodging
 + Level 3.1 Unarmed Combat
 + Level 3.0 Shapeshifting


You had 2 spell levels left.
You didn't know any spells.
Your spell library contained the following spells:

 Spells                   Type           Power      Damage    Failure   Level
 Ensorcelled Hibernation  Hex/Ice        0%         N/A       50%         2
 Passwall                 Tmut/Erth      0%         N/A       50%         2
 Swiftness                Air            0%         N/A       75%         3


Dungeon Overview and Level Annotations

Branches:
Dungeon (3/15)


Innate Abilities, Weirdness & Mutations

You are a hulking beast.
Your limbs bulge with bestial killing power. (Slay +2)
You have an increased reservoir of magic. (+10% MP)
You shall have no god before yourself.
Your divine heritage dramatically boosts your attributes as you level up.


Message History

You enter the shallow water.
Moving in this stuff is going to be slow.
Found a stone staircase leading down.
The dart slug closely misses you.
You hit the dart slug.
The dart slug is moderately wounded.
The dart slug launches a dart at you. The slug dart hits you.
The dart slug barely misses you.
You hit the dart slug.
The dart slug is severely wounded.
The dart slug barely misses you. The dart slug launches a dart at you.
The slug dart hits you. The dart slug misses you.
The dart slug launches a dart at you. The slug dart hits you.
You punch the dart slug!
You kill the dart slug!
You punch the dart slug!
The dart slug is severely wounded.
The dart slug launches a dart at you. The slug dart misses you.
The dart slug launches a dart at you. The slug dart hits you.
You are too injured to fight recklessly!
You are too injured to fight recklessly!
The dart slug launches a dart at you. The slug dart hits you.
* * * LOW HITPOINT WARNING * * *
The dart slug launches a dart at you. The slug dart misses you.
The dart slug briefly extends its eye-stalks.
The dart slug launches a dart at you. The slug dart hits you.
* * * LOW HITPOINT WARNING * * *
The dart slug launches a dart at you. The slug dart misses you.
The dart slug launches a dart at you. The slug dart misses you.
The dart slug launches a dart at you. The slug dart hits you.
You die...

....##~~.~~#
##..#.≈≈w~~~#.#
#...~~~≈≈≈~~~≈~##
#..~w≈≈≈~~~~≈≈≈~#
#.≈≈≈#≈~~~≈#≈≈≈w
##≈~≈≈≈≈w#≈≈~~~≈~
#≈≈≈†#~≈~~#~~.≈≈≈
.#≈≈~..(#.$.~#~.~≈
.....~~..w.h<.....~~
...#~≈~~8~~.<[~#.8#
.. #≈~≈≈≈≈~~~~~~≈≈#
. ##≈≈≈≈≈≈≈w~≈≈≈≈≈~
#.~≈≈≈≈≈≈~≈≈≈≈≈.
..#~##≈≈≈~~≈≈≈≈≈#
#.### w≈#~~≈≈≈~###
#. #.~~~≈~≈≈w#
.##~~.~~##.


You could see 7 dart slugs.

Vanquished Creatures
  2 adders (D:2)
  A worm (D:2)
  A dart slug (D:3)
  An endoplasm (D:1)
  A giant cockroach (D:1)
  2 goblins (D:2)
  7 hobgoblins
  3 jackals (D:1)
  3 kobolds (D:1)
  2 quokkas (D:2)
  5 bats
  A frilled lizard (D:1)
  4 rats
33 creatures vanquished.

Notes
Turn   | Place    | Note
-------+----------+-------------------------------------------
     0 | D:1      | Ethylacetat the Demigod Shapeshifter began the quest for
                  | the Orb.
     0 | D:1      | Reached XP level 1. HP: 15/15 MP: 3/3
    27 | D:1      | Reached skill level 1 in Fighting
   151 | D:1      | Reached XP level 2. HP: 18/23 MP: 4/4
   868 | D:2      | Reached XP level 3. HP: 24/28 MP: 5/5
  1272 | D:3      | Killed from afar by a dart slug

Illustrated notes

Levels and vault maps discovered:
D:1:      dpeg_arrival_boxes_within_box, layout_basic
D:2:      layout_loops_ring
D:3:      kennysheep_slugbush, layout_basic, grunt_ministairs_8, nrook_campfire,
          serial_park_tiny_pond, minivault_25, uniq_jessica

Skill      XL: |  1  2  3 |
---------------+----------+-----
Fighting       | 1 |  1.8
Dodging        | 2 |  2.3
Unarmed Combat | 3 |  3.1
Shapeshifting  | 3 |  3.0

Action                     || total
---------------------------++-------
  Melee: Unarmed           ||    93
   Stab: Sleeping          ||     2
 Armour: Animal skin       ||    17
  Dodge: Dodged            ||    63

Table legend: (Time is in decaauts)
 A = Elapsed time spent in this place.
 B = Non-inter-level travel time spent in this place.
 C = Inter-level travel time spent in this place.
 D = Time resting spent in this place.
 E = Time spent auto-exploring this place.
 F = Levels seen in this place.
 G = Mean time per level.
                   A        B        C        D        E       F      G
               +--------+--------+--------+--------+--------+-----+--------+
         Total |   1266 |   1237 |     29 |      0 |   1014 |   3 |  422.0 |
       Dungeon |   1266 |   1237 |     29 |      0 |   1014 |   3 |  422.0 |
               +--------+--------+--------+--------+--------+-----+--------+

Top non-repeatable levels by time:
     D:2: 667 daAuts
     D:1: 584 daAuts
     D:3: 14 daAuts
